 Dungeon Crawl Stone Soup version 0.29.1-15-g9cfb28693d (webtiles) character file.

Game seed: 7087826493109683617

14069 iSeeek the Executioner (level 11, -6/85 HPs)
             Began as a Minotaur Berserker on Mar 10, 2023.
             Was a Believer of Trog.
             Mangled by a boulder beetle (10 damage)
             ... on level 12 of the Dungeon.
             The game lasted 00:52:48 (15613 turns).

iSeeek the Executioner (Minotaur Berserker)        Turns: 15613, Time: 00:52:48

Health: -6/85      AC: 13    Str: 27    XL:     11   Next: 83%
Magic:  10/10      EV:  7    Int:  4    God:    Trog [**....]
Gold:   460        SH:  0    Dex:  9    Spells: 10/10 levels left

rFire   . . .      SeeInvis .   Z - +1 broad axe
rCold   . . .      Faith    .   (no shield)
rNeg    + . .      Spirit   .   W - +0 plate armour
rPois   +          Reflect  .   (helmet restricted)
rElec   .          Harm     .   (no cloak)
rCorr   .          Rampage  .   s - +1 pair of gloves
Will    .....                   (no boots)
Stlth   ..........              (no amulet)
HPRegen 0.24/turn               F - ring of poison resistance
MPRegen 0.12/turn               v - ring of positive energy

@: no status effects
A: horns 2, retaliatory headbutt
a: Renounce Religion, Berserk, Trog's Hand


You were on level 12 of the Dungeon.
You worshipped Trog.
Trog was pleased with you.
You visited 1 branch of the dungeon, and saw 12 of its levels.

You collected 767 gold pieces.
You spent 307 gold pieces at shops.

Inventory:

Hand Weapons
 a - a +0 hand axe
 C - a +1 war axe
 D - a +2 vampiric hand axe
 J - a +1 hand axe of flaming
 V - the +5 shortbow "Ygesonk" {vorpal, rF+}
   (You found it on level 10 of the Dungeon)

   Any ammunition fired from it inflicts extra damage upon your enemies.
   rF:        It protects you from fire.
 Z - a +1 broad axe (weapon)
Missiles
 f - 15 poisoned darts
 n - 6 curare-tipped darts (quivered)
Armour
 b - a +0 animal skin
 r - a +0 leather armour
 s - a +1 pair of gloves (worn)
 u - a +0 ring mail
 w - a +0 chain mail
 O - a +0 troll leather armour
 R - +0 acid dragon scales
 W - a +0 plate armour (worn)
Jewellery
 h - a ring of see invisible
 v - a ring of positive energy (right hand)
 F - a ring of poison resistance (left hand)
 H - a ring of resist corrosion
 S - a ring of resist corrosion
 Y - a +4 ring of evasion
Wands
 z - a wand of acid (12)
 A - a wand of roots (22)
 I - a wand of digging (6)
 L - a wand of flame (22)
 T - a wand of mindburst (1)
Scrolls
 d - 6 scrolls of identify
 e - 3 scrolls of amnesia
 k - 3 scrolls of noise
 l - 2 scrolls of immolation
 m - 8 scrolls of teleportation
 o - 2 scrolls of brand weapon
 q - 3 scrolls of enchant weapon
 x - a scroll of fog {unknown}
 y - 2 scrolls of magic mapping
 B - a scroll of acquirement {unknown}
 N - 2 scrolls of enchant armour {unknown}
 Q - a scroll of vulnerability {unknown}
 X - a scroll of poison {unknown}
Potions
 c - a potion of flight
 g - 3 potions of magic
 i - 3 potions of curing
 j - 3 potions of might
 p - 6 potions of brilliance
 E - 2 potions of cancellation
 G - 2 potions of mutation
 K - 2 potions of lignification
 M - 2 potions of resistance
 P - a potion of attraction {unknown}
 U - 2 potions of invisibility {unknown}


   Skills:
 - Level 4.5 Fighting
 + Level 21.8 Axes
 - Level 2.7 Armour
 - Level 2.7 Dodging


You had 10 spell levels left.
You didn't know any spells.
Your spell library contained the following spells:

 Spells                   Type           Power      Damage    Failure   Level
 Magic Dart               Conj           0%         1d3       100%        1
 Blink                    Tloc           0%         N/A       100%        2
 Call Imp                 Summ           0%         N/A       100%        2
 Searing Ray              Conj           0%         2d4       100%        2
 Lesser Beckoning         Tloc           0%         N/A       100%        3
 Mephitic Cloud           Conj/Pois/Air  0%         N/A       100%        3
 Animate Dead             Necr           0%         N/A       100%        4
 Fulminant Prism          Conj/Hex       0%         3d6       100%        4
 Borgnjor's Vile Clutch   Necr/Erth      0%         N/A       100%        5
 Manifold Assault         Tloc           0%         N/A       100%        5
 Death Channel            Necr           0%         N/A       100%        6


Dungeon Overview and Level Annotations

Branches:
Dungeon (12/15)            Temple (0/1) D:4            Lair (0/5) D:9
    Orc (0/2) D:9

Altars:
Cheibriados
Fedhas
Kikubaaqudgha
Sif Muna
Trog
Uskayaw

Shops:
D:5 ?   D:7 ?

Annotations:
D:2 Natasha
D:6 2 transporters, enotiy's ghost, novice GrFi


Innate Abilities, Weirdness & Mutations

You have a pair of horns on your head.
You reflexively headbutt those who attack you in melee.


Message History

h - a ring of see invisible
Found a stone staircase leading down.
You now have 460 gold pieces (gained 19).
Found a stone staircase leading down.
A gargoyle comes into view. It is wielding a +0 mace.
A boulder beetle comes into view.
The boulder beetle curls into a ball and begins rolling!
The gargoyle closely misses you. You furiously retaliate!
You headbutt the gargoyle, but do no damage.
You hit the gargoyle.
You headbutt the gargoyle, but do no damage.
The gargoyle is lightly damaged.
The gargoyle hurls a stone arrow at you.
The stone arrow hits you!
You slash the gargoyle!
The gargoyle is heavily damaged.
The gargoyle closely misses you.
You hit the gargoyle. You headbutt the gargoyle.
The gargoyle is almost destroyed.
You hit the gargoyle but do no damage.
The gargoyle is almost destroyed.
The gargoyle hurls a stone arrow at you.
The stone arrow misses you. The boulder beetle hits you!!!
Ouch! That really hurt!
* * * LOW HITPOINT WARNING * * *
The boulder beetle stops rolling and uncurls.
You slash the gargoyle!
You destroy the gargoyle!
Trog accepts your kill.
You hit the boulder beetle.
You feel better. The boulder beetle bites you!!
* * * LOW HITPOINT WARNING * * *
Read: scroll of fear
Press: ? - help, Q - select action, (/) - cycle Dir - look around, f - activate Look: a boulder beetle (lightly wounded, chance to affect: 90%)
As you read the scroll of fear, it crumbles to dust.
You assume a fearsome visage.
The boulder beetle resists with some effort.
The boulder beetle bites you!
You die...

.......... #######..#
#. # #..# #.. # #..#
#..# # # #..####..# .#
# #........#####..#
#######...............#
.........####....)....#
.........# #...@.....#
.........# #...B.....#
.........####.........#
......................#
................>.....#
.........####.........#
.........# #..#####..#
.........# #..# ..#
.........# #..# ○#


You could see a boulder beetle.

Vanquished Creatures
  2 boulder beetles
  Erica (D:11)
  4 two-headed ogres
  Urug (D:12)
  Sonja (D:11)
  A manticore (D:12)
  2 cyclopes
  2 gargoyles (D:12)
  An unseen horror (D:8)
  A komodo dragon (D:10)
  4 trolls
  Grinder (D:5)
  Sigmund (D:2)
  2 wraiths
  2 wyverns
  A yak (D:7)
  2 basilisks
  A steam dragon (D:8)
  3 water moccasins
  An acid dragon (D:9)
  Duvessa (D:5)
  4 orc warriors
  3 sky beasts
  2 black bears (D:6)
  3 ice beasts
  A centaur (D:11)
  An ogre (D:7)
  A phantom (D:5)
  2 kobold brigands
  Blork the orc (D:5)
  6 bullfrogs
  6 scorpions
  3 necrophages
  A gnoll sergeant (D:9)
  Dowan (D:5)
  8 killer bees
  3 jellies
  2 hounds (D:5)
  Crazy Yiuf (D:5)
  3 orc priests
  6 iguanas
  Natasha (D:2)
  2 orc wizards
  12 gnolls
  5 adders
  2 shadow imps
  6 white imps
  An ufetubus (D:7)
  A worm (D:9)
  5 dart slugs
  24 orcs
  7 ball pythons
  3 bats
  2 bat zombies (D:9)
  6 endoplasms
  2 giant cockroaches
  5 goblins
  5 hobgoblins (D:2)
  10 jackals
  9 kobolds
  2 quokkas
  3 frilled lizards
  3 rats
  2 rat zombies (D:9)
211 creatures vanquished.

Vanquished Creatures (others)
  6 fungi (D:9)
  13 plants
19 creatures vanquished.

Grand Total: 230 creatures vanquished

Notes
Turn   | Place    | Note
-------+----------+-------------------------------------------
     0 | D:1      | iSeeek the Minotaur Berserker began the quest for the Orb.
     0 | D:1      | Reached XP level 1. HP: 19/19 MP: 0/0
   175 | D:1      | Reached skill level 4 in Axes
   229 | D:1      | Reached XP level 2. HP: 18/27 MP: 1/1
  1137 | D:2      | Found a faded altar of an unknown god.
  1238 | D:2      | Reached XP level 3. HP: 33/33 MP: 2/2
  1418 | D:2      | Reached XP level 4. HP: 28/41 MP: 3/3
  1637 | D:2      | Noticed Natasha
  1645 | D:2      | Killed Natasha
  1646 | D:2      | Reached skill level 5 in Axes
  2180 | D:2      | Noticed Sigmund
  2180 | D:2      | Noticed Natasha
  2556 | D:2      | Killed Sigmund
  2557 | D:2      | Reached skill level 7 in Axes
  2557 | D:2      | Reached XP level 5. HP: 47/47 MP: 4/4
  2557 | D:2      | Reached XP level 6. HP: 53/53 MP: 5/5
  2712 | D:3      | Reached ** piety under Trog
  2779 | D:3      | Identified the +1 robe of Mirhuots {Harm rPois Will+}
  3425 | D:4      | Found a blossoming altar of Fedhas.
  3468 | D:4      | Reached skill level 8 in Axes
  3535 | D:4      | Noticed a sky beast
  3543 | D:4      | Killed a sky beast
  3567 | D:4      | Found a staircase to the Ecumenical Temple.
  3941 | D:5      | Entered Level 5 of the Dungeon
  3960 | D:5      | Reached XP level 7. HP: 37/60 MP: 6/6
  3964 | D:5      | Noticed Blork the orc
  3984 | D:5      | Killed Blork the orc
  3985 | D:5      | Reached skill level 9 in Axes
  4035 | D:5      | Found Woqawadu's Magic Scroll Shop.
  4147 | D:5      | Bought a scroll of identify for 26 gold pieces
  4147 | D:5      | Bought a scroll of identify for 26 gold pieces
  4147 | D:5      | Bought a scroll of identify for 26 gold pieces
  4147 | D:5      | Bought a scroll of enchant weapon for 97 gold pieces
  4236 | D:5      | Reached skill level 10 in Axes
  4322 | D:5      | Noticed Grinder
  4337 | D:5      | Killed Grinder
  4450 | D:5      | Noticed a +0 falchion
  4451 | D:5      | Noticed a +0 short sword
  4451 | D:5      | Noticed a +0 spear
  4452 | D:5      | Noticed a +0 dagger
  4452 | D:5      | Noticed a +0 spear
  4452 | D:5      | Noticed a +0 falchion
  4454 | D:5      | Noticed a +0 dagger
  4546 | D:5      | Reached skill level 11 in Axes
  4605 | D:5      | Reached XP level 8. HP: 65/67 MP: 7/7
  4644 | D:5      | Noticed Dowan
  4646 | D:5      | Noticed Duvessa
  4651 | D:5      | Killed Dowan
  4655 | D:5      | Killed Duvessa
  4920 | D:5      | Noticed a +0 short sword
  4923 | D:5      | Found a hide-covered altar of Uskayaw.
  5002 | D:5      | Reached skill level 12 in Axes
  5068 | D:5      | Found a runed translucent door.
  5069 | D:5      | Noticed Crazy Yiuf
  5371 | D:5      | Killed Crazy Yiuf
  5774 | D:6      | Reached skill level 13 in Axes
  6028 | D:6      | Reached *** piety under Trog
  6068 | D:6      | Noticed enotiy's ghost (novice GrFi)
  6076 | D:6      | Found a transporter.
  6081 | D:6      | Found a transporter.
  6169 | D:6      | Reached XP level 9. HP: 67/72 MP: 8/8
  6558 | D:7      | Noticed a two-headed ogre
  6558 | D:7      | Noticed a two-headed ogre
  6565 | D:7      | Killed a two-headed ogre
  6566 | D:7      | Reached skill level 14 in Axes
  6573 | D:7      | Killed a two-headed ogre
  6574 | D:7      | Reached skill level 15 in Axes
  6574 | D:7      | Noticed a troll
  6698 | D:7      | Killed a troll
  6699 | D:7      | Reached skill level 16 in Axes
  6821 | D:7      | Reached XP level 10. HP: 60/80 MP: 9/9
  7092 | D:7      | Found a bloodstained altar of Trog.
  7266 | D:7      | Found Kuyrum's Magic Scroll Emporium.
  7276 | D:7      | Bought a scroll of noise for 11 gold pieces
  7276 | D:7      | Bought a scroll of teleportation for 33 gold pieces
  7276 | D:7      | Bought a scroll of identify for 22 gold pieces
  7276 | D:7      | Bought a scroll of identify for 22 gold pieces
  7276 | D:7      | Bought a scroll of identify for 22 gold pieces
  7276 | D:7      | Bought a scroll of identify for 22 gold pieces
  7314 | D:7      | Found a shimmering blue altar of Sif Muna.
  7318 | D:7      | Noticed a boulder beetle
  7329 | D:7      | HP: 6/120 [boulder beetle (14)]
  7330 | D:7      | Killed a boulder beetle
  7331 | D:7      | Reached skill level 17 in Axes
  7993 | D:7      | Noticed a cyclops
  8009 | D:7      | Reached skill level 18 in Axes
  8022 | D:7      | Killed a cyclops
  8657 | D:8      | Noticed a two-headed ogre
  8669 | D:8      | Killed a two-headed ogre
  8670 | D:8      | Reached skill level 19 in Axes
  9767 | D:9      | Reached XP level 11. HP: 33/85 MP: 10/10
 10637 | D:9      | Noticed a white ugly thing
 10638 | D:9      | Noticed a centaur warrior
 10641 | D:9      | Noticed a centaur warrior
 10641 | D:9      | Noticed a catoblepas
 10643 | D:9      | Noticed a centaur warrior
 10643 | D:9      | Noticed a purple ugly thing
 10643 | D:9      | Noticed a purple ugly thing
 10644 | D:9      | Noticed a centaur warrior
 10646 | D:9      | Noticed a centaur warrior
 10802 | D:9      | Found a snail-covered altar of Cheibriados.
 10992 | D:9      | Found a staircase to the Lair.
 11181 | D:9      | Found a staircase to the Orcish Mines.
 11231 | D:9      | Found an ancient bone altar of Kikubaaqudgha.
 11354 | D:10     | Entered Level 10 of the Dungeon
 11374 | D:10     | Identified the +5 shortbow "Ygesonk" {vorpal, rF+}
 12232 | D:10     | Noticed a two-headed ogre
 12241 | D:10     | Killed a two-headed ogre
 12242 | D:10     | Reached skill level 20 in Axes
 12960 | D:11     | Noticed Erica
 12968 | D:11     | Killed Erica
 13216 | D:11     | Noticed Sonja
 13631 | D:11     | Killed Sonja
 14151 | D:11     | Identified the +7 chain mail of the Ace of Wands {SInv}
 14192 | D:11     | Noticed a boulder beetle
 14204 | D:11     | Killed a boulder beetle
 14205 | D:11     | Reached skill level 21 in Axes
 14529 | D:12     | Identified the +5 ring mail of Sif Muna's Envy {rElec rF+
                  | Regen+ Slay+3}
 14680 | D:12     | Noticed Urug
 14703 | D:12     | Killed Urug
 15605 | D:12     | Noticed a boulder beetle
 15612 | D:12     | HP: 4/85 [boulder beetle (26)]
 15613 | D:12     | Mangled by a boulder beetle

Illustrated notes

Levels and vault maps discovered:
D:1:      matt_arrival_refuge, layout_basic, serial_bayou_pond_d, minivault_4
D:2:      layout_basic, hellmonk_ecumenical_altar_blasted, uniq_sigmund,
          uniq_natasha
D:3:      layout_basic
D:4:      layout_rooms, mainiacjoe_overflow_paths, temple_doors_e,
          dreamdust_mushroom_princess
D:5:      layout_basic, nicolae_uskayaw_en_pointe, serial_shops,
          nicolae_square_shop, uniq_duvessa, uniq_grinder, uniq_blork_the_orc,
          uniq_crazy_yiuf_cottage
D:6:      layout_loops_ring, gammafunk_ghost_gnarly_gnolls
D:7:      minmay_chambers_of_sevens, layout_cave_pools,
          nicolae_overflow_hidden_temple, mainiacjoe_overflow_small_starburst,
          serial_shops, nicolae_lakefront_shop, kb_rosetta
D:8:      layout_basic
D:9:      layout_basic, lemuel_zombie_altar_kikubaaqudgha, slow_altar_1,
          grunt_lair_entry_orc_guard_hut, orc_0_dummy, minivault_12
D:10:     layout_basic, serial_curves, eino_curves_03, eino_curves_02,
          disabler_island
D:11:     layout_small_grid, chequers_serial_rivers_micro_c, uniq_erica,
          uniq_sonja
D:12:     layout_small_grid, grunt_decor_one_mirror, lightli_minifort, uniq_urug

Skill      XL: |  1  2  3  4  5  6  7  8  9 10 11 |
---------------+----------------------------------+-----
Axes           | 4 7 8 11 13 16 19 21 | 21.8
Fighting       | 4 |  4.5
Armour         | |  2.7
Dodging        | |  2.7

Action                   |  1- 3 |  4- 6 |  7- 9 | 10-12 || total
-------------------------+-------+-------+-------+-------++-------
Melee: Hand axe          |    71 |    77 |    25 |       ||   173
       Headbutt          |    12 |    15 |    37 |    66 ||   130
       War axe           |       |       |   193 |   298 ||   491
       Punch             |       |       |     4 |     4 ||     8
       Broad axe         |       |       |       |    12 ||    12
Throw: Dart              |     2 |     6 |       |     2 ||    10
Invok: Berserk           |       |     3 |     4 |     9 ||    16
       Trog's Hand       |       |     1 |     4 |     8 ||    13
  Use: Scroll            |       |       |     7 |     9 ||    16
       Potion            |       |       |     1 |    10 ||    11
Armor: Animal skin       |     6 |     1 |       |       ||     7
       Chain mail        |       |    16 |    84 |    84 ||   184
       Ring mail         |       |     6 |       |       ||     6
       Plate armour      |       |       |       |    73 ||    73
Dodge: Dodged            |    54 |    34 |    78 |   123 ||   289
